 Dungeon Crawl Stone Soup version 0.17-a0-2231-gd80ca38 (webtiles) character file.

1008 Ordine the Slasher (level 8, -1/57 HPs)
             Began as an Octopode Fighter on Oct 29, 2015.
             Slain by a sky beast (6 damage)
             ... on level 5 of the Dungeon.
             The game lasted 00:12:44 (5495 turns).

Ordine the Slasher (Octopode Fighter)               Turns: 5495, Time: 00:12:44

Health: -1/57      AC:  1    Str: 16    XL:     8   Next: 20%
Magic:  8/8        EV: 11    Int: 10    God:
Gold:   209        SH: 10    Dex: 13    Spells: 0 memorised, 7 levels left

rFire  . . .     SeeInvis .     a - +1 long sword
rCold  . . .     Clarity  .     b - +1 shield
rNeg   . . .     SustAt   .     (helmet restricted)
rPois  .         Gourm    .     (no amulet)
rElec  .         Spirit   .     (no ring)
rCorr  .         Warding  .     l - ring of flight
rMut   .         Stasis   .     (no ring)
MR     .....                    (no ring)
Stlth  ++........               (no ring)
                                (no ring)
                                (no ring)
                                (no ring)

@: not resistant to hostile enchantments, unstealthy
A: almost no armour, amphibious, 8 rings, constrict 8, camouflage 1, gelatinous
body 1
a: Evoke Flight


You were on level 5 of the Dungeon.
You were not hungry.

You visited 1 branch of the dungeon, and saw 5 of its levels.
You also visited: Sewer.

You collected 209 gold pieces.

Inventory:

Hand Weapons
 a - a +1 long sword (weapon)
Missiles
 e - 17 poisoned needles
 h - 4 tomahawks (quivered)
Armour
 b - a +1 shield (worn)
Jewellery
 l - a ring of flight (right tentacle)
Wands
 q - a wand of polymorph (16)
Scrolls
 m - 2 scrolls of magic mapping
 p - a scroll of fog
 s - 2 scrolls of enchant weapon
 t - a scroll of recharging
 v - a scroll of enchant armour
 w - a scroll of fear
 y - a scroll of teleportation
Potions
 c - 2 potions of might
 g - 3 potions of haste
 j - a potion of berserk rage
 k - a potion of agility
 n - 3 potions of flight
 o - 2 potions of heal wounds {unknown}
 x - a potion of degeneration {unknown}
 A - a potion of brilliance {unknown}
Comestibles
 d - 5 bread rations
 f - 2 meat rations
 i - 5 fruits
 r - a beef jerky


   Skills:
 + Level 5.8 Fighting
 * Level 6.8 Long Blades
 - Level 3.0 Dodging
 - Level 5.2 Shields


You had 7 spell levels left.
You didn't know any spells.

Dungeon Overview and Level Annotations

Branches:
Dungeon (5/15)
 Temple: D:4-7

Altars:
Kikubaaqudgha
Okawaru
Trog


Innate Abilities, Weirdness & Mutations

You cannot wear most types of armour.
You are amphibious.
You can wear up to eight rings at the same time.
You can use your tentacles to constrict eight enemies at once.
Your skin changes colour to match your surroundings (Stealth).
Your rubbery body absorbs attacks (AC +1).


Message History

You slash the sky beast!
The sky beast is severely wounded.
You block the sky beast's attack.
You hit the sky beast.
The sky beast is almost dead.
The sky beast hits you.
* * * LOW HITPOINT WARNING * * *
The sky beast shocks you.
* * * LOW HITPOINT WARNING * * *
Drink which item? (? for menu, Esc to quit)
Okay, then.
You hit the sky beast but do no damage.
The sky beast is almost dead.
You block the sky beast's attack.
You barely miss the sky beast.
The sky beast is almost dead.
The sky beast hits you.
* * * LOW HITPOINT WARNING * * *
The sky beast shocks you.
You die...

..### ###### ##..#.#
..## ######....###
#....#
#..###...........###
##(###
##..##.............##
#.#
##..#..............###.#
##.................##.##
##................###.#
##..............####.#
#..........@Y≈.....##
#..................#
##<.........######.#
##### #.......####
##..## ....###....####
##....# .....##..###
#.....# ......#.##
##.....# ........#
#......# ........##
##....##


You could see a sky beast.

Vanquished Creatures
  Edmund (D:4)
  An ogre (D:4)
  An ice beast (D:5)
  4 big kobolds (Sewer)
  A giant frog zombie (D:5)
  A hound (D:4)
  An orc wizard (D:4)
  3 worker ants (D:4)
  A hound zombie (D:5)
  A hound skeleton (D:4)
  9 adders
  A shadow imp (D:5)
  6 oozes
  11 worms
  An adder skeleton (D:4)
  6 orcs
  5 giant cockroaches
  3 hobgoblins
  12 jackals
  14 kobolds
  4 ball pythons
  5 bats
  7 giant geckos
  7 giant newts
  9 goblins
  2 quokkas
  11 rats
128 creatures vanquished.

Notes
Turn   | Place    | Note
--------------------------------------------------------------
     0 | D:1      | Ordine the Octopode Fighter began the quest for the Orb.
     0 | D:1      | Reached XP level 1. HP: 16/16 MP: 1/1
   450 | D:1      | Reached XP level 2. HP: 19/21 MP: 2/2
   980 | D:2      | Reached XP level 3. HP: 26/26 MP: 3/3
  1689 | D:2      | Reached XP level 4. HP: 25/31 MP: 4/4
  1770 | D:3      | Found a bloodstained altar of Trog.
  1939 | D:3      | Found a glowing drain.
  1982 | Sewer    | Entered a sewer
  2187 | Sewer    | Reached XP level 5. HP: 31/37 MP: 5/5
  2285 | Sewer    | Reached skill level 4 in Fighting
  2585 | Sewer    | Noticed a big kobold
  2595 | Sewer    | Killed a big kobold
  2595 | Sewer    | Reached XP level 6. HP: 30/43 MP: 6/6
  2798 | Sewer    | Noticed a big kobold
  2814 | Sewer    | Killed a big kobold
  2928 | Sewer    | Noticed a big kobold
  2938 | Sewer    | Killed a big kobold
  2938 | Sewer    | Reached skill level 5 in Long Blades
  3026 | Sewer    | Noticed a big kobold
  3037 | Sewer    | Killed a big kobold
  3037 | Sewer    | Reached XP level 7. HP: 45/49 MP: 7/7
  3127 | D:3      | Found an iron altar of Okawaru.
  3836 | D:4      | Reached skill level 5 in Fighting
  4494 | D:4      | Noticed Edmund
  4503 | D:4      | Reached skill level 5 in Shields
  4511 | D:4      | Killed Edmund
  4511 | D:4      | Reached skill level 6 in Long Blades
  4706 | D:4      | Reached XP level 8. HP: 56/56 MP: 8/8
  4769 | D:5      | Entered Level 5 of the Dungeon
  5172 | D:5      | Found an ancient bone altar of Kikubaaqudgha.
  5495 | D:5      | Slain by a sky beast

Vault maps used:
D:1:      grunt_arrival_crossed_arrows
D:2:      first_bread
D:3:      okawaru_ov_weapons_minmay, portal_sewer_entry_c, bloody_trog
D:4:      uniq_edmund
D:5:      lemuel_round_altar, temple_green, st_stairs_13
Sewer:    sewer_co_tree

Action                   |  1- 3 |  4- 6 |  7- 9 || total
-------------------------+-------+-------+-------++-------
Melee: Long sword        |    65 |   116 |   118 ||   299
Throw: Throwing net      |       |       |     3 ||     3
Evoke: Wand              |       |       |     1 ||     1
  Use: Scroll            |     7 |       |     9 ||    16
 Stab: Sleeping          |     1 |     7 |     6 ||    14
  Eat: Chunk             |     2 |     5 |     8 ||    15
